AoeStats
← Xilex

Arena

510038679Analyzed
2v2 RM · 2d ago on Sep 29, 2026· 31m 13s· 4 players
Game mode
Random Map
Map size
Medium (4 player)
Population
200
Speed
Normal
Resources
Standard
Victory
Conquest
Starting age
Dark Age
Ending age
Imperial Age
RankedLock teamsTeams togetherTeam positionsShared explorationLock speedFull tech treeHidden civsTurbo modeCheats
Victory
Defeat
🇺🇸 Romans · United States
1243
+16
🇺🇸 Cumans · United States
1200
+18
🇨🇷 Portuguese · Costa Rica
1239
-17
🇨🇷 Bohemians · Costa Rica
1237
-17
Xilex
6:12 Loom
9:02 Feudal Age
20:47 Castle Age
21:51 Scale Barding Armor
24:43 Double-Bit Axe
27:43 Bow Saw
28:28 Wheelbarrow
32:01 Hand Cart
Boleslaw
9:21 Feudal Age
9:21 Man-at-Arms
13:35 Scale Mail Armor
17:54 Double-Bit Axe
18:18 Horse Collar
23:30 Castle Age
21:59 Forging
24:58 Wheelbarrow
26:02 Chain Mail Armor
26:22 Iron Casting
25:14 Long Swordsman
25:56 Squires
26:14 Bow Saw
26:52 Heavy Plow
29:27 Hand Cart
29:08 Stone Mining
29:10 Gold Mining
29:09 Town Watch
DS_Migno
8:26 Feudal Age
13:34 Fletching
15:12 Loom
18:37 Double-Bit Axe
23:04 Castle Age
dani9milpz
12:38 Feudal Age
10:55 Loom
16:11 Castle Age
16:38 Bloodlines
19:49 Scale Barding Armor
22:12 Forging
23:11 Double-Bit Axe
24:14 Pikeman
25:57 Horse Collar
26:30 Bow Saw
27:20 Heavy Plow
27:13 Loom
Connection lost

Rejoining the realm…

Still unreachable

The connection could not be restored.

Session expired

The server has moved on; the page needs a fresh start.